[Event "XXXVIII Benasque Open 2018"]
[Site "Benasque"]
[Date "2018.07.09"]
[Round "5"]
[White "Banusz, Tamas"]
[Black "Lalic, Bogdan"]
[Result "1/2-1/2"]
[ECO "E18"]
[WhiteElo "2607"]
[BlackElo "2394"]
[Annotator "RC"]
[PlyCount "138"]
[EventDate "2018.07.05"]
[EventType "swiss"]
[EventCountry "ESP"]
[SourceTitle "playchess.com"]
[Source "ChessBase"]
[SourceQuality "1"]
[TimeControl "5400+30"]

1. Nf3 Nf6 2. c4 e6 3. g3 b6 4. Bg2 Bb7 5. O-O Be7 6. d4 O-O 7. Nc3 Na6 8. Bf4 Ne4 9. Rc1 Nxc3 10. Rxc3 c5 11. a3 cxd4 12. Nxd4 Bxg2 13. Kxg2 Nc5 14. Rc2 Qc8 15. f3 d6 16. e4 a6 17. b4 Nd7 18. Be3 Qb7 19. Qe2 Rfe8 20. Rd1 Rac8 21. Bf2 Bf8 22. Rdc1 h6 23. Kg1 Ne5 24. f4 Nd7 25. Nf3 e5 26. f5 Nf6 27. Nd2 b5 28. Qd3 bxc4 29. Rxc4 Qb5 30. R1c3 Rxc4 31. Qxc4 d5 32. exd5 Nxd5 33. Rc1 Nf6 34. Qxb5 axb5 35. Nb1 Ne4 36. Kf1 h5 37. h3 f6 38. g4 hxg4 39. hxg4 g6 40. fxg6 Kg7 41. Be3 Kxg6 42. Ke2 Re6 43. Kd3 Nd6 44. Rc6 Kf7 45. Nc3 e4+ 46. Ke2 Nc4 47. Rc7+ Re7 48. Rxe7+ Bxe7 49. Bc1 Nd6 50. Bf4 Nc4 51. Nxb5 f5 52. gxf5 Kf6 53. Bd2 Kxf5 54. Be1 Ke6 55. a4 Kd7 56. a5 Kc6 57. Nd4+ Kd5 58. a6 Bf6 59. a7 Nb6 60. Nb3 Kc6 61. Na5+ Kb5 62. Ke3 Ka6 63. Nc6 Kb7 64. b5 Nd5+ 65. Kxe4 Nc7 66. Na5+ Kxa7 67. Bf2+ Kb8 68. b6 Bc3 69. Nc4 Na8 1/2-1/2

[Event "XXXVIII Benasque Open 2018"]
[Site "Benasque"]
[Date "2018.07.09"]
[Round "5"]
[White "Chigaev, Maksim"]
[Black "Domingo Nunez, Alejandro"]
[Result "1/2-1/2"]
[ECO "A08"]
[WhiteElo "2582"]
[BlackElo "2369"]
[Annotator "ChessBase"]
[PlyCount "71"]
[EventDate "2018.07.05"]
[EventType "swiss"]
[EventCountry "ESP"]
[SourceTitle "playchess.com"]
[Source "ChessBase"]
[SourceQuality "1"]
[TimeControl "5400+30"]

1. g3 c5 2. Bg2 Nc6 3. e4 e6 4. Nf3 Nf6 5. d3 d5 6. Nbd2 Be7 7. O-O O-O 8. Re1 b5 9. a4 b4 10. exd5 exd5 11. d4 Bg4 12. dxc5 Bxc5 13. Nb3 Bb6 14. Be3 Re8 15. Bxb6 Rxe1+ 16. Qxe1 Qxb6 17. a5 Qc7 18. Qe3 Bxf3 19. Qxf3 Ne5 20. Qf4 Qxc2 21. Qxe5 Qxb3 22. Qd4 Re8 23. a6 h6 24. Rf1 Qa2 25. Qxa7 Qxb2 26. Qb7 Qa2 27. a7 b3 28. Bh3 Ne4 29. Bd7 Rf8 30. Bc6 Nc3 31. a8=Q Qxa8 32. Qxa8 Rxa8 33. Bxa8 b2 34. Bxd5 b1=Q 35. Rxb1 Nxb1 36. Kg2 1/2-1/2

[Event "XXXVIII Benasque Open 2018"]
[Site "Benasque"]
[Date "2018.07.09"]
[Round "5"]
[White "Kharitonov, Alexandr"]
[Black "Martin Duque, Jesus"]
[Result "1-0"]
[ECO "E33"]
[WhiteElo "2564"]
[BlackElo "2381"]
[Annotator "ChessBase"]
[PlyCount "121"]
[EventDate "2018.07.05"]
[EventType "swiss"]
[EventCountry "ESP"]
[SourceTitle "playchess.com"]
[Source "ChessBase"]
[SourceQuality "1"]
[TimeControl "5400+30"]

1. d4 Nf6 2. c4 e6 3. Nc3 Bb4 4. Qc2 Nc6 5. Nf3 d6 6. Bd2 O-O 7. a3 Bxc3 8. Bxc3 Re8 9. Rd1 Qe7 10. e3 e5 11. d5 Nb8 12. Nd2 a5 13. b3 Nbd7 14. Be2 Nc5 15. b4 axb4 16. axb4 Na4 17. Ba1 Bd7 18. O-O b5 19. e4 bxc4 20. Nxc4 Nb6 21. Nxb6 cxb6 22. Rc1 Rec8 23. Qb1 Rxc1 24. Rxc1 Qe8 25. Qd3 h6 26. f3 Ra2 27. Bc3 Qa8 28. Be1 Ra1 29. Rxa1 Qxa1 30. Kf2 Nh5 31. g3 Nf6 32. Qe3 Qa7 33. Kg2 Qc7 34. Bd3 b5 35. Qe2 Qb7 36. f4 exf4 37. gxf4 Qc8 38. Bd2 Bg4 39. Qe3 Bd1 40. h3 Bc2 41. Qd4 Bxd3 42. Qxd3 Qe8 43. Kf3 Qd7 44. f5 Qa7 45. Bf4 Qg1 46. Bxd6 Qh1+ 47. Ke3 Qxh3+ 48. Kd4 Qh1 49. Bf4 Qg1+ 50. Be3 Qa1+ 51. Kc5 Qe5 52. Kxb5 Nxe4 53. Bc5 Qxf5 54. d6 Qd7+ 55. Kb6 Nf6 56. Qf3 Qa4 57. Qc6 Qa2 58. d7 Nxd7+ 59. Qxd7 h5 60. b5 h4 61. Qd8+ 1-0

[Event "XXXVIII Benasque Open 2018"]
[Site "Benasque"]
[Date "2018.07.09"]
[Round "5"]
[White "Soham, Das"]
[Black "Forcen Esteban, Daniel"]
[Result "1/2-1/2"]
[ECO "C11"]
[WhiteElo "2359"]
[BlackElo "2567"]
[Annotator "ChessBase"]
[PlyCount "41"]
[EventDate "2018.07.05"]
[EventType "swiss"]
[EventCountry "ESP"]
[SourceTitle "playchess.com"]
[Source "ChessBase"]
[SourceQuality "1"]
[TimeControl "5400+30"]

1. e4 e6 2. d4 d5 3. Nc3 Nf6 4. e5 Nfd7 5. f4 c5 6. Nf3 Nc6 7. Be3 cxd4 8. Nxd4 Bc5 9. Qd2 O-O 10. O-O-O a6 11. Qf2 Nxd4 12. Bxd4 b6 13. Bd3 f6 14. Qh4 g6 15. Bxc5 bxc5 16. f5 gxf5 17. Nxd5 exd5 18. Bxf5 Qe7 19. Rxd5 Ra7 20. Re1 Re8 21. Re4 1/2-1/2